APL (24 & UNDER)
MONTGOMERY GREY SOX @ BEAVERTON BRONZE SOULS
09/22/2025
 
TOP OF THE 1ST
Montgomery Grey Sox batting - Pitching for Beaverton Bronze Souls : RHP Tony Meyer
Pitching: RHP Tony Meyer
Batting: RHB José Montoya 0-0: Foul Ball, location: 2F
0-1: Ball
1-1: Foul Ball, location: 2F
1-2: Strikes out swinging
Batting: RHB Rusty Downy 0-0: Ball
1-0: Foul Ball, location: 2F
1-1: Called Strike
1-2: Strikes out looking
Batting: LHB Al Gaines 0-0: Foul Ball, location: 2F
0-1: Ball
1-1: Foul Ball, location: 2F
1-2: Ball
2-2: Ball
3-2: Foul Ball, location: 2F
3-2: Foul Ball, location: 2F
3-2: Ground out 6-3 (Groundball, 6M)
Top of the 1st over - 0 run(s), 0 hit(s), 0 error(s), 0 left on base; Montgomery 0 - Beaverton 0
BOTTOM OF THE 1ST
Beaverton Bronze Souls batting - Pitching for Montgomery Grey Sox : LHP Marcos Bautista
Pitching: LHP Marcos Bautista
Batting: RHB Juan Becerra 0-0: Fly out, F8 (Flyball, 8LD)
Batting: LHB Richard Méndez 0-0: Swinging Strike
0-1: Ball
1-1: Ball
2-1: Ball
3-1: SINGLE (Line Drive, 89M)
Batting: RHB Brian Dixon 0-0: Fielders Choice at 2nd, 6-4 (Groundball, 6)
Batting: RHB Jim Villiers 0-0: Called Strike
0-1: Ball
1-1: SINGLE (Line Drive, 5)
Brian Dixon to second
Batting: LHB Chance Santry 0-0: Fly out, F6 (Popup, 6D)
Bottom of the 1st over - 0 run(s), 2 hit(s), 0 error(s), 2 left on base; Montgomery 0 - Beaverton 0
TOP OF THE 2ND
Montgomery Grey Sox batting - Pitching for Beaverton Bronze Souls : RHP Tony Meyer
Batting: SHB Hoyt Norris 0-0: Ball
1-0: Swinging Strike
1-1: Ball
2-1: Ground out 5-3 (Groundball, 56)
Batting: RHB Dean Bailey 0-0: SINGLE (Line Drive, 56)
Batting: SHB Joe Pierce 0-0: Fielders Choice at 2nd, 6-4 (Groundball, 6M)
Batting: SHB Wilson Bray 0-0: Ball
1-0: Ball
2-0: Called Strike
2-1: Foul Ball, location: 2F
2-2: Ball
3-2: Ground out U3 (Groundball, 3)
Top of the 2nd over - 0 run(s), 1 hit(s), 0 error(s), 1 left on base; Montgomery 0 - Beaverton 0
BOTTOM OF THE 2ND
Beaverton Bronze Souls batting - Pitching for Montgomery Grey Sox : LHP Marcos Bautista
Batting: RHB Jaime Rodríguez 0-0: Called Strike
0-1: Swinging Strike
0-2: Ball
1-2: Ground out 6-3 (Groundball, 6M)
Batting: RHB Júlio Rodríguez 0-0: SINGLE (Line Drive, 6M)
Batting: RHB Tom Hicks 0-0: Called Strike
0-1: Fly out, F8 (Flyball, 8LM)
Batting: LHB Howard Holder 0-0: Foul Ball, location: 2F
0-1: Ball
1-1: Ball
Wild Pitch!
Júlio Rodríguez to second
2-1: Fly out, F6 (Line Drive, 6M)
Bottom of the 2nd over - 0 run(s), 1 hit(s), 0 error(s), 1 left on base; Montgomery 0 - Beaverton 0
TOP OF THE 3RD
Montgomery Grey Sox batting - Pitching for Beaverton Bronze Souls : RHP Tony Meyer
Batting: RHB José Carlos Caraballo 0-0: SINGLE (Flyball, 9S)
Batting: RHB Sergio Gonzáles 0-0: Ball
1-0: Ball
2-0: Swinging Strike
2-1: Foul Ball, location: 2F
2-2: SINGLE (Line Drive, 9LM)
José Carlos Caraballo to second
Batting: RHB José Montoya 0-0: Ball
1-0: Foul Ball, location: 2F
1-1: Swinging Strike
1-2: Grounds into double play, 6-4-3 (Groundball, 6M)
José Carlos Caraballo to third
Batting: RHB Rusty Downy 0-0: Ball
1-0: Ball
2-0: Ball
3-0: Base on Balls
Batting: LHB Al Gaines 0-0: Ball
1-0: SINGLE (Line Drive, 34)
José Carlos Caraballo scores
Rusty Downy to second
Batting: SHB Hoyt Norris 0-0: Called Strike
0-1: Called Strike
0-2: Foul Ball, location: 2F
0-2: Strikes out looking
Top of the 3rd over - 1 run(s), 3 hit(s), 0 error(s), 2 left on base; Montgomery 1 - Beaverton 0
BOTTOM OF THE 3RD
Beaverton Bronze Souls batting - Pitching for Montgomery Grey Sox : LHP Marcos Bautista
Batting: RHB Juan Becerra 0-0: Ball
1-0: Ball
2-0: SOLO HOME RUN (Flyball, 8RXD), Distance : 436 ft
Batting: LHB Richard Méndez 0-0: Swinging Strike
0-1: Swinging Strike
0-2: Ball
1-2: Ball
2-2: Foul Ball, location: 2F
2-2: Ball
3-2: Foul Ball, location: 2F
3-2: Base on Balls
Batting: RHB Brian Dixon 0-0: Ball
1-0: Swinging Strike
1-1: Ball
2-1: Grounds into double play, U6-3 (Groundball, 6)
Batting: RHB Jim Villiers 0-0: Foul Ball, location: 2F
0-1: Ball
1-1: Called Strike
1-2: Strikes out swinging
Bottom of the 3rd over - 1 run(s), 1 hit(s), 0 error(s), 0 left on base; Montgomery 1 - Beaverton 1
TOP OF THE 4TH
Montgomery Grey Sox batting - Pitching for Beaverton Bronze Souls : RHP Tony Meyer
Batting: RHB Dean Bailey 0-0: Ball
1-0: Swinging Strike
1-1: Ball
2-1: Foul Ball, location: 2F
2-2: Foul Ball, location: 2F
2-2: Strikes out swinging
Batting: SHB Joe Pierce 0-0: Swinging Strike
0-1: SINGLE (Groundball, 4MD)
Batting: SHB Wilson Bray 0-0: Ball
1-0: Foul Ball, location: 2F
1-1: Ball
2-1: Foul Ball, location: 2F
2-2: Foul Ball, location: 2F
2-2: Foul Ball, location: 2F
2-2: Strikes out swinging
Batting: RHB José Carlos Caraballo 0-0: Ball
1-0: Called Strike
1-1: Ball
2-1: Swinging Strike
2-2: Foul Ball, location: 2F
2-2: Ball
3-2: Base on Balls
Joe Pierce to second
Batting: RHB Sergio Gonzáles 0-0: Ball
1-0: Ball
2-0: Called Strike
2-1: Foul Ball, location: 2F
2-2: Ball
3-2: Foul Ball, location: 2F
3-2: Base on Balls
Joe Pierce to third
José Carlos Caraballo to second
Batting: RHB José Montoya 0-0: Ball
1-0: Fly out, F7 (Flyball, 78M)
Top of the 4th over - 0 run(s), 1 hit(s), 0 error(s), 3 left on base; Montgomery 1 - Beaverton 1
BOTTOM OF THE 4TH
Beaverton Bronze Souls batting - Pitching for Montgomery Grey Sox : LHP Marcos Bautista
Batting: LHB Chance Santry 0-0: Ball
1-0: Ground out 4-3 (Groundball, 4)
Batting: RHB Jaime Rodríguez 0-0: Foul Ball, location: 2F
0-1: Foul Ball, location: 2F
0-2: Ball
1-2: Strikes out swinging
Batting: RHB Júlio Rodríguez 0-0: Swinging Strike
0-1: Foul Ball, location: 2F
0-2: Foul Ball, location: 2F
0-2: Ball
1-2: Ball
2-2: Strikes out swinging
Bottom of the 4th over - 0 run(s), 0 hit(s), 0 error(s), 0 left on base; Montgomery 1 - Beaverton 1
TOP OF THE 5TH
Montgomery Grey Sox batting - Pitching for Beaverton Bronze Souls : RHP Tony Meyer
Batting: RHB Rusty Downy 0-0: Ground out 1-3 (Groundball, 13)
Batting: LHB Al Gaines 0-0: Ball
1-0: Ball
2-0: SINGLE (Groundball, 34)
Pitching: RHP Juan Sandoval
Batting: SHB Hoyt Norris 0-0: Foul Ball, location: 2F
0-1: Ball
1-1: Ball
2-1: Called Strike
2-2: Strikes out looking
Batting: RHB Dean Bailey 0-0: Ball
1-0: Called Strike
1-1: Swinging Strike
1-2: Strikes out swinging
Top of the 5th over - 0 run(s), 1 hit(s), 0 error(s), 1 left on base; Montgomery 1 - Beaverton 1
BOTTOM OF THE 5TH
Beaverton Bronze Souls batting - Pitching for Montgomery Grey Sox : LHP Marcos Bautista
Batting: RHB Tom Hicks 0-0: Swinging Strike
0-1: Foul Ball, location: 2F
0-2: Foul Ball, location: 2F
0-2: Strikes out looking
Batting: LHB Howard Holder 0-0: Foul Ball, location: 2F
0-1: Foul Ball, location: 2F
0-2: Ball
1-2: Strikes out swinging
Batting: RHB Juan Becerra 0-0: Foul Ball, location: 2F
0-1: Called Strike
0-2: Ball
1-2: Ball
2-2: Ball
3-2: Base on Balls
Batting: LHB Richard Méndez 0-0: Called Strike
Juan Becerra steals 2nd base
0-1: Ball
1-1: Called Strike
1-2: Strikes out looking
Bottom of the 5th over - 0 run(s), 0 hit(s), 0 error(s), 1 left on base; Montgomery 1 - Beaverton 1
TOP OF THE 6TH
Montgomery Grey Sox batting - Pitching for Beaverton Bronze Souls : RHP Juan Sandoval
Batting: SHB Joe Pierce 0-0: Swinging Strike
0-1: Swinging Strike
0-2: Foul Ball, location: 2F
0-2: Strikes out looking
Batting: SHB Wilson Bray 0-0: Called Strike
0-1: Swinging Strike
0-2: Strikes out swinging
Batting: RHB José Carlos Caraballo 0-0: SOLO HOME RUN (Flyball, 78XD), Distance : 413 ft
Batting: RHB Sergio Gonzáles 0-0: SOLO HOME RUN (Flyball, 78XD), Distance : 386 ft
Batting: RHB José Montoya 0-0: Called Strike
0-1: Foul Ball, location: 2F
0-2: Ball
1-2: Ground out 5-3 (Groundball, 5S)
Top of the 6th over - 2 run(s), 2 hit(s), 0 error(s), 0 left on base; Montgomery 3 - Beaverton 1
BOTTOM OF THE 6TH
Beaverton Bronze Souls batting - Pitching for Montgomery Grey Sox : LHP Marcos Bautista
Batting: RHB Brian Dixon 0-0: Ball
1-0: Ball
2-0: Foul Ball, location: 2F
2-1: SINGLE (Groundball, 56D)
Batting: RHB Jim Villiers 0-0: Foul Ball, location: 2F
0-1: Ball
1-1: Called Strike
1-2: Strikes out swinging
Batting: LHB Chance Santry 0-0: Ball
1-0: Ball
2-0: Foul Ball, location: 2F
2-1: Ball
3-1: DOUBLE (Line Drive, 89XD)
Brian Dixon to third
Batting: RHB Jaime Rodríguez 0-0: Ball
1-0: Called Strike
1-1: Fly out, F3 (Popup, 3DF)
Pitching: RHP Steven Browne
Batting: RHB Júlio Rodríguez 0-0: Foul Ball, location: 2F
0-1: Swinging Strike
0-2: Strikes out looking
Bottom of the 6th over - 0 run(s), 2 hit(s), 0 error(s), 2 left on base; Montgomery 3 - Beaverton 1
TOP OF THE 7TH
Montgomery Grey Sox batting - Pitching for Beaverton Bronze Souls : RHP Juan Sandoval
Batting: RHB Rusty Downy 0-0: Ball
1-0: Ball
2-0: Ball
3-0: Called Strike
3-1: Foul Ball, location: 2F
3-2: Base on Balls
Batting: LHB Al Gaines 0-0: Ball
1-0: Foul Ball, location: 2F
1-1: Ball
2-1: Swinging Strike
2-2: Strikes out looking
Rusty Downy steals 2nd base
Batter strikes out.
Pitching: RHP Roberto Carbaja
Batting: SHB Hoyt Norris 0-0: Fly out, F7 (Flyball, 78M)
Batting: RHB Dean Bailey 0-0: Ball
1-0: Ball
2-0: Swinging Strike
2-1: Ball
3-1: Reached on error, E2 (Groundball, 25)
Rusty Downy scores
Batting: SHB Joe Pierce 0-0: Foul Ball, location: 2F
0-1: Ball
1-1: Ball
2-1: Foul Ball, location: 2F
2-2: Foul Ball, location: 2F
2-2: Foul Ball, location: 2F
2-2: Strikes out looking
Top of the 7th over - 1 run(s), 0 hit(s), 1 error(s), 1 left on base; Montgomery 4 - Beaverton 1
BOTTOM OF THE 7TH
Beaverton Bronze Souls batting - Pitching for Montgomery Grey Sox : RHP Steven Browne
Batting: RHB Tom Hicks 0-0: Foul Ball, location: 2F
0-1: Ball
1-1: Ball
2-1: Called Strike
2-2: Ball
3-2: Base on Balls
Batting: LHB Howard Holder 0-0: Ball
1-0: Ball
2-0: Foul Ball, location: 2F
2-1: Called Strike
2-2: Ball
3-2: Foul Ball, location: 2F
3-2: Strikes out looking
Tom Hicks is caught stealing 2nd base
Batter strikes out.
Batting: RHB Juan Becerra 0-0: Ball
1-0: Ball
2-0: Called Strike
2-1: Swinging Strike
2-2: Strikes out swinging
Bottom of the 7th over - 0 run(s), 0 hit(s), 0 error(s), 0 left on base; Montgomery 4 - Beaverton 1
TOP OF THE 8TH
Montgomery Grey Sox batting - Pitching for Beaverton Bronze Souls : RHP Roberto Carbaja
Batting: SHB Wilson Bray 0-0: Ball
1-0: Ball
2-0: Called Strike
2-1: Swinging Strike
2-2: Ball
3-2: Base on Balls
Batting: RHB José Carlos Caraballo 0-0: Foul Ball, location: 2F
0-1: Sac Bunt - play at first, batter OUT! 1-4
Wilson Bray to second
Batting: RHB Sergio Gonzáles 0-0: Fly out, F9 (Flyball, 9M)
Batting: RHB José Montoya 0-0: SINGLE (Groundball, 6M)
Wilson Bray to third
Runner from 3rd tries for Home, SAFE, no throw or cutoff
Batting: RHB Rusty Downy 0-0: SINGLE (Line Drive, 4MD)
José Montoya to second
Batting: LHB Al Gaines 0-0: Called Strike
0-1: SINGLE (Line Drive, 34D)
José Montoya to third
Rusty Downy to second
Runner from 3rd tries for Home, throw and OUT!
Top of the 8th over - 1 run(s), 3 hit(s), 0 error(s), 2 left on base; Montgomery 5 - Beaverton 1
BOTTOM OF THE 8TH
Beaverton Bronze Souls batting - Pitching for Montgomery Grey Sox : RHP Steven Browne
Now at 1B: Frederick Curtis
Batting: LHB Richard Méndez 0-0: Ball
1-0: Ball
2-0: Fly out, F9 (Line Drive, 9M)
Batting: RHB Brian Dixon 0-0: Called Strike
0-1: Fly out, F8 (Flyball, 8LM)
Batting: RHB Jim Villiers 0-0: Ball
1-0: Foul Ball, location: 2F
1-1: Foul Ball, location: 2F
1-2: Ball
2-2: Foul Ball, location: 2F
2-2: SINGLE (Line Drive, 89S)
Batting: LHB Chance Santry 0-0: Ball
1-0: Foul Ball, location: 2F
1-1: Called Strike
1-2: Ball
2-2: Ball
3-2: Foul Ball, location: 2F
3-2: Reached on error, E5 (Groundball, 56)
Jim Villiers to second
Pitching: LHP José Mercado
Batting: RHB Jaime Rodríguez 0-0: Ball
1-0: Foul Ball, location: 2F
1-1: Ball
2-1: Swinging Strike
2-2: Strikes out swinging
Bottom of the 8th over - 0 run(s), 1 hit(s), 1 error(s), 2 left on base; Montgomery 5 - Beaverton 1
TOP OF THE 9TH
Montgomery Grey Sox batting - Pitching for Beaverton Bronze Souls : RHP Roberto Carbaja
Batting: SHB Hoyt Norris 0-0: Called Strike
0-1: Swinging Strike
0-2: Foul Ball, location: 2F
0-2: Ball
1-2: Ball
2-2: Strikes out swinging
Batting: RHB Dean Bailey 0-0: Ball
1-0: Ball
2-0: Swinging Strike
2-1: Reached on error, E6 (Groundball, 6)
Batting: SHB Joe Pierce 0-0: Intentional Walk
Batting: SHB Wilson Bray 0-0: Ball
1-0: Called Strike
1-1: Called Strike
1-2: Ball
2-2: Fly out, F9 (Flyball, 89M)
Pitching: RHP Esteve Gabirra
Batting: RHB José Carlos Caraballo 0-0: Called Strike
0-1: Foul Ball, location: 2F
0-2: Foul Ball, location: 2F
0-2: Ball
1-2: Ball
2-2: Strikes out swinging
Top of the 9th over - 0 run(s), 0 hit(s), 1 error(s), 2 left on base; Montgomery 5 - Beaverton 1
BOTTOM OF THE 9TH
Beaverton Bronze Souls batting - Pitching for Montgomery Grey Sox : LHP José Mercado
Batting: RHB Júlio Rodríguez 0-0: Fly out, F4 (Popup, 34)
Batting: RHB Tom Hicks 0-0: Ball
1-0: Foul Ball, location: 2F
1-1: Called Strike
1-2: Strikes out swinging
Batting: LHB Howard Holder 0-0: Ball
1-0: Ground out 4-3 (Groundball, 34)
Bottom of the 9th over - 0 run(s), 0 hit(s), 0 error(s), 0 left on base; Montgomery 5 - Beaverton 1
This league is powered by Out of the Park Baseball, the baseball management simulation game for PC, Mac and Linux
Tuesday, August 2nd, 2016 - OOTP Baseball 16.8 Build 38